 Dungeon Crawl Stone Soup version 0.28-a0-1344-g6b9ff3a05d (webtiles) character file.

Game seed: 18442605022890833144

65 Deminshera the Bolt Thrower (level 4, 0/27 HPs)
             Began as a Kobold Hunter on Dec 29, 2021.
             Killed by divine providence
             ... invoked by an orc priest
              (13 damage)
             ... on level 3 of the Dungeon.
             The game lasted 00:02:36 (2736 turns).

Deminshera the Bolt Thrower (Kobold Hunter)         Turns: 2736, Time: 00:02:37

Health: 0/27       AC:  3    Str: 11    XL:     4   Next: 34%
Magic:  4/4        EV: 14    Int: 12    God:
Gold:   64         SH:  0    Dex: 15    Spells: 3/3 levels left

rFire   . . .      SeeInvis .   b - +0 short sword
rCold   . . .      Faith    .   (no shield)
rNeg    . . .      Spirit   .   c - +0 leather armour
rPois   .          Reflect  .   (no helmet)
rElec   .          Harm     .   (no cloak)
rCorr   .          Rampage  .   (no gloves)
Will    .....                   (no boots)
Stlth   ++........              (no amulet)
HPRegen 0.09/turn               (no ring)
MPRegen 0.09/turn               (no ring)

@: confused
A: small, no large weapons, nightstalker 3
a: no special abilities


You were on level 3 of the Dungeon.
You visited 1 branch of the dungeon, and saw 3 of its levels.

You collected 64 gold pieces.

Inventory:

Hand Weapons
 a - a +1 hand crossbow
 b - a +0 short sword (weapon)
Missiles
 d - 44 bolts
Armour
 c - a +0 leather armour (worn)
 n - a scarf of harm
Jewellery
 j - a ring of protection from fire
 k - a ring of ice
Scrolls
 e - a scroll of holy word {unknown}
 f - 2 scrolls of blinking {unknown}
 h - 3 scrolls of identify {unknown}
 i - a scroll of torment {unknown}
 l - 2 scrolls of teleportation {unknown}
 m - a scroll of fear {unknown}
Potions
 g - 2 potions of curing {unknown}


   Skills:
 + Level 2.3 Fighting
 - Level 3.0 Short Blades
 - Level 4.8 Crossbows
 + Level 0.6 Armour
 - Level 2.4 Dodging
 * Level 3.7 Stealth


You had 3 spell levels left.
You didn't know any spells.
Your spell library was empty.

Dungeon Overview and Level Annotations

Branches:
Dungeon (3/15)

Altars:


Innate Abilities, Weirdness & Mutations

You are small and have problems with some larger weapons.
You are completely attuned to the shadows.


Message History

The frilled lizard is heavily wounded.
The frilled lizard bites you.
You barely miss the frilled lizard.
The frilled lizard is heavily wounded.
The frilled lizard bites you but does no damage.
You hit the frilled lizard.
You kill the frilled lizard!
No target in view!
You start resting.
HP restored.
You start waiting.
Done waiting.
You see here 15 stones.
l - 2 scrolls labelled SOGIPO DUGEPARCH (gained 1)
Found an escape hatch in the ceiling.
No target in view!
No target in view!
No target in view!
An orc comes into view. It is wielding a +0 whip.
An orc priest and an orc wizard come into view.
The orc priest looks braver for a moment.
The orc wizard shouts!
The orc shouts!
The helpless orc fails to defend itself.
You puncture the orc!
You kill the orc!
You hear a shout!
You hear an angry hiss.
The orc priest mumbles some strange prayers to Beogh against you.
Pain shoots through your body!
Ouch! That really hurt!
An orc comes into view. It is wielding a +0 dagger.
You hear an angry hiss.
The orc wizard points at you and mumbles some strange words.
You are confused.
You bump into the rock wall.
The orc wizard casts a spell.
The orc wizard flickers and vanishes!
Deactivating autopickup; reactivate with Ctrl-A.
The orc priest invokes the aid of Beogh against you.
Beogh smites you!
You die...

#.# #...# ####.#
#####(.รท###
#....####.......... ......#
#..................
......###..######........<.
..o...##...# #####...###
.o..o)##.#.# #...# #.#
#.#.# #... #.###.#@#
##.oo....# #....{.###
......### ....##.# .... #.#
.. #.# ..#


You could see an orc priest.

Vanquished Creatures
  An adder (D:2)
  A dart slug (D:1)
  An orc (D:3)
  7 ball pythons
  5 bats
  7 endoplasms
  A giant cockroach (D:2)
  4 goblins
  4 hobgoblins
  4 jackals
  A quokka (D:1)
  3 frilled lizards
  4 kobolds
  4 rats
47 creatures vanquished.

Notes
Turn   | Place    | Note
-------+----------+-------------------------------------------
     0 | D:1      | Deminshera the Kobold Hunter began the quest for the Orb.
     0 | D:1      | Reached XP level 1. HP: 12/12 MP: 1/1
   307 | D:1      | Reached skill level 1 in Short Blades
   307 | D:1      | Reached XP level 2. HP: 14/17 MP: 2/2
   850 | D:1      | Reached XP level 3. HP: 21/21 MP: 3/3
  1036 | D:1      | Found a faded altar of an unknown god.
  1986 | D:2      | Reached XP level 4. HP: 20/27 MP: 4/4
  2726 | D:3      | Identified the ring of Mopon {+Blink rPois Will- EV+4 SInv}
  2736 | D:3      | Killed from afar by an orc priest

Illustrated notes

Levels and vault maps discovered:
D:1:      heliophobic_arrival_glass_houses, layout_loops_ring,
          chequers_ecumenical_altar_island
D:2:      layout_rooms, minmay_misc_feat_nine_boxes
D:3:      layout_loops_cross, kennysheep_generic_room_16

Skill      XL: |  1  2  3  4 |
---------------+-------------+-----
Stealth        | 2 3 |  3.7
Short Blades   | 1 2 3 |  3.0
Fighting       | |  2.3
Crossbows      | |  4.8
Armour         | |  0.6
Dodging        | |  2.4

Action                   |  1- 3 |  4- 6 || total
-------------------------+-------+-------++-------
Melee: Short sword       |   136 |    16 ||   152
 Stab: Sleeping          |    13 |     1 ||    14
       Distracted        |     1 |       ||     1
Armor: Leather armour    |    39 |     2 ||    41
Dodge: Dodged            |   104 |     8 ||   112

Table legend: (Time is in decaauts)
 A = Elapsed time spent in this place.
 B = Non-inter-level travel time spent in this place.
 C = Inter-level travel time spent in this place.
 D = Time resting spent in this place.
 E = Time spent auto-exploring this place.
 F = Levels seen in this place.
 G = Mean time per level.
                   A        B        C        D        E       F      G
               +--------+--------+--------+--------+--------+-----+--------+
         Total |   2740 |   2640 |    100 |    730 |   1538 |   3 |  913.3 |
       Dungeon |   2740 |   2640 |    100 |    730 |   1538 |   3 |  913.3 |
               +--------+--------+--------+--------+--------+-----+--------+

Top non-repeatable levels by time:
     D:1: 1527 daAuts
     D:2: 901 daAuts
     D:3: 312 daAuts
